 Dungeon Crawl Stone Soup version 0.29-a0-11-ga75d3d97ab (webtiles) character file.

Game seed: 7679113398425940145

1180 crazypyro the Twirler (level 8, -1/62 HPs)
             Began as a Minotaur Gladiator on Jan 28, 2022.
             Slain by a gnoll shaman (9 damage)
             ... on level 5 of the Dungeon.
             The game lasted 00:12:16 (5669 turns).

crazypyro the Twirler (Minotaur Gladiator)          Turns: 5669, Time: 00:12:17

Health: -1/62      AC:  8    Str: 20    XL:     8   Next: 19%
Magic:  7/7        EV: 14    Int:  5    God:
Gold:   38         SH:  0    Dex: 13    Spells: 7/7 levels left

rFire   . . .      SeeInvis .   a - +1 quarterstaff
rCold   . . .      Faith    .   (shield currently unavailable)
rNeg    . . .      Spirit   .   b - +0 leather armour
rPois   .          Reflect  .   c - +0 hat
rElec   .          Harm     .   v - +1 cloak {Stlth+}
rCorr   .          Rampage  .   p - +1 pair of gloves
Will    .....                   (no boots)
Stlth   +++.......              (no amulet)
HPRegen 0.20/turn               (no ring)
MPRegen 0.10/turn               (no ring)

@: brilliant
A: horns 2, retaliatory headbutt
a: no special abilities


You were on level 5 of the Dungeon.
You visited 1 branch of the dungeon, and saw 5 of its levels.
You also visited: Sewer.

You collected 203 gold pieces.
You spent 165 gold pieces at shops.

Inventory:

Hand Weapons
 a - a +1 quarterstaff (weapon)
Missiles
 d - 2 throwing nets (quivered)
 e - 215 stones
 f - 54 sling bullets
 g - 63 arrows
Armour
 b - a +0 leather armour (worn)
 c - a +0 hat (worn)
 p - a +1 pair of gloves (worn)
 v - a +1 cloak of stealth (worn)
Jewellery
 m - a +4 ring of protection
Wands
 t - a wand of paralysis (7)
Scrolls
 l - 4 scrolls of identify
 q - a scroll of vulnerability
 r - 2 scrolls of amnesia
Potions
 h - 6 potions of flight
 i - 3 potions of curing
 j - 2 potions of brilliance
 k - a potion of lignification {unknown}
 n - a potion of ambrosia {unknown}
 u - a potion of resistance {unknown}
 z - a potion of invisibility {unknown}


   Skills:
 - Level 2.5 Fighting
 - Level 7.2 Staves
 - Level 1.8(2.8) Slings
 - Level 3.0(3.2) Throwing
 + Level 5.0 Armour
 + Level 5.8 Dodging
 * Level 3.8 Stealth


You had 7 spell levels left.
You didn't know any spells.
Your spell library contained the following spells:

 Spells                   Type           Power      Damage    Failure   Level
 Conjure Flame            Conj/Fire      0%         6-21      88%         3
 Ignite Poison            Fire/Tmut/Pois 0%         N/A       88%         3
 Sticky Flame             Conj/Fire      0%         2d3       99%         4


Dungeon Overview and Level Annotations

Branches:
Dungeon (5/15)              Sewer (visited)
 Temple: D:4-7

Altars:
Sif Muna
Wu Jian

Shops:
D:1 ?   D:4 *   D:5 [

Annotations:
D:5 Sigmund


Innate Abilities, Weirdness & Mutations

You have a pair of horns on your head.
You reflexively headbutt those who attack you in melee.


Message History

The hound barely misses you. The hound bites you but does no damage.
The hound bites you but does no damage. The hound barely misses you.
A gnoll shaman comes into view. It is wielding a +3 whip.
The hound bites you but does no damage. The hound closely misses you.
The hound misses you. The hound barely misses you. The hound bites you.
The hound completely misses you. The hound bites you but does no damage.
The gnoll shaman misses you. You furiously retaliate!
You headbutt the gnoll shaman, but do no damage.
The hound completely misses you. You furiously retaliate!
You headbutt the hound, but do no damage.
The gnoll shaman hits you with a +3 whip!
The hound bites you but does no damage. x2
The gnoll shaman hits you with a +3 whip!
The hound bites you but does no damage. The gnoll shaman barely misses you.
The hound closely misses you.
The gnoll shaman hits you with a +3 whip.
* * * LOW HITPOINT WARNING * * *
The hound closely misses you.
You are too injured to fight recklessly!
You are too injured to fight recklessly!
It was a potion of brilliance.
You feel clever all of a sudden. The hound bites you but does no damage.
The gnoll shaman hits you with a +3 whip.
* * * LOW HITPOINT WARNING * * *
You are too injured to fight recklessly!
The hound bites you.
* * * LOW HITPOINT WARNING * * *
The hound bites you.
* * * LOW HITPOINT WARNING * * *
You closely miss the hound. The hound bites you.
* * * LOW HITPOINT WARNING * * *
You miss the hound.
You headbutt the hound, but do no damage.
The hound bites you but does no damage.
The gnoll shaman hits you with a +3 whip!
You die...

..######....#########...#
...#....................#
.........#......#####..##
.#.......#.##...## #l##
.##.###....##....# #5#
##..###......#...####.#
.....###..........l...#
................#######
.############...@h.###
##***,,,,***##...g...#
#**,,,,,,,,**######..###
#*,,,,,,,,,,*#######...#
#*,,,,,,,,,,*....@g#.8.#
#,,,,****,,,,≈≈≈≈≈≈#.†.##
#,,,,+,,*,,,,...........#
#,,,,+,,*,,,,...........#
#,,,,****,,,,≈≈≈≈≈≈#†...#


You could see a gnoll shaman and a hound.

Vanquished Creatures
  A necrophage (D:4)
  An ice beast (D:5)
  An ogre (D:4)
  A water moccasin zombie (D:5)
  4 hounds
  A bullfrog zombie (D:5)
  An orc priest (D:5)
  A jelly (D:4)
  A scorpion zombie (D:5)
  2 iguanas (D:5)
  8 adders
  11 gnolls
  8 river rats
  An ufetubus (D:4)
  An adder skeleton (D:4)
  6 worms
  2 dart slugs (D:1)
  5 orcs
  6 bats
  5 endoplasms
  6 giant cockroaches
  5 hobgoblins
  9 jackals
  11 quokkas
  16 ball pythons
  5 frilled lizards (Sewer)
  2 goblins
  10 kobolds
  3 rats
134 creatures vanquished.

Vanquished Creatures (collateral kills)
  Prince Ribbit (D:5)
1 creature vanquished.

Vanquished Creatures (others)
  8 plants (D:3)
8 creatures vanquished.

Grand Total: 143 creatures vanquished

Notes
Turn   | Place    | Note
-------+----------+-------------------------------------------
     0 | D:1      | crazypyro the Minotaur Gladiator began the quest for the
                  | Orb.
     0 | D:1      | Reached XP level 1. HP: 18/18 MP: 0/0
   235 | D:1      | Reached XP level 2. HP: 23/25 MP: 1/1
   237 | D:1      | Reached skill level 4 in Staves
   237 | D:1      | Reached skill level 1 in Slings
   477 | D:1      | Found Potool's Magic Scroll Shoppe.
  1076 | D:2      | Reached XP level 3. HP: 30/30 MP: 2/2
  1490 | D:2      | Reached XP level 4. HP: 20/37 MP: 3/3
  1497 | D:2      | Reached skill level 5 in Staves
  1900 | D:2      | Found a faded altar of an unknown god.
  2391 | D:3      | Reached XP level 5. HP: 24/42 MP: 4/4
  2509 | D:3      | Reached skill level 6 in Staves
  2519 | D:3      | Found a glowing drain.
  2523 | Sewer    | Entered a sewer
  2973 | Sewer    | Reached skill level 7 in Staves
  3092 | Sewer    | Reached XP level 6. HP: 33/50 MP: 5/5
  3642 | D:3      | Found a shimmering blue altar of Sif Muna.
  3656 | D:3      | Reached skill level 1 in Armour
  3787 | D:3      | Found an ornate altar of the Wu Jian Council.
  3978 | D:4      | Found Ziohoz's Assorted Antiques.
  4052 | D:4      | Bought an embroidered cloak for 165 gold pieces
  4136 | D:4      | Reached XP level 7. HP: 56/56 MP: 6/6
  4588 | D:4      | Reached skill level 1 in Stealth
  4868 | D:5      | Entered Level 5 of the Dungeon
  4876 | D:5      | Found Yloibu's Antique Armour Shop.
  4886 | D:5      | Reached skill level 5 in Dodging
  5580 | D:5      | Noticed Prince Ribbit
  5585 | D:5      | Noticed Sigmund
  5589 | D:5      | Killed Prince Ribbit
  5590 | D:5      | Reached XP level 8. HP: 36/62 MP: 7/7
  5604 | D:5      | Reached skill level 5 in Armour
  5669 | D:5      | Slain by a gnoll shaman

Illustrated notes

Levels and vault maps discovered:
D:1:      roderic_octagonal_star, layout_loops_cross, serial_shops, shop
D:2:      layout_basic, basic_ecumenical_altar, minmay_pentomino_pile
D:3:      layout_rooms, mainiacjoe_overflow_chevrons,
          mainiacjoe_overflow_24_doors, gup_sewer_entry_spiral
D:4:      layout_loops_corners, serial_shops, nicolae_diamond_shop, minivault_23
D:5:      layout_cave_pools, serial_gnoll_camp, gnoll_camp_mini_shop,
          gnoll_camp_mini_doghouse, gnoll_camp_medium_01, gnoll_camp_medium_02,
          gnoll_camp_mini_doghouse, minmay_hollow_rounded_squares, uniq_pikel,
          uniq_sigmund, uniq_prince_ribbit1

Skill      XL: |  1  2  3  4  5  6  7  8 |
---------------+-------------------------+-----
Staves         | 4 5 7 |  7.2
Slings         | 1 |  1.8
Throwing       | 3 |  3.0
Armour         | 3 4 5 |  5.0
Dodging        | 4 5 |  5.8
Stealth        | 3 |  3.8
Fighting       | |  2.5

Action                   |  1- 3 |  4- 6 |  7- 9 || total
-------------------------+-------+-------+-------++-------
Melee: Quarterstaff      |    51 |   143 |    71 ||   265
       Headbutt          |    10 |    15 |    16 ||    41
Throw: Boomerang         |    26 |    61 |     6 ||    93
       Throwing net      |       |       |     1 ||     1
  Use: Scroll            |     4 |     1 |     7 ||    12
       Potion            |       |       |     1 ||     1
 Stab: Sleeping          |       |     1 |     1 ||     2
Armor: Leather armour    |    19 |    38 |    24 ||    81
Dodge: Dodged            |    40 |   111 |    54 ||   205

Table legend: (Time is in decaauts)
 A = Elapsed time spent in this place.
 B = Non-inter-level travel time spent in this place.
 C = Inter-level travel time spent in this place.
 D = Time resting spent in this place.
 E = Time spent auto-exploring this place.
 F = Levels seen in this place.
 G = Mean time per level.
                   A        B        C        D        E       F      G
               +--------+--------+--------+--------+--------+-----+--------+
         Total |   5889 |   5698 |    191 |      0 |   4718 |   6 |  981.5 |
       Dungeon |   4832 |   4641 |    191 |      0 |   3872 |   5 |  966.4 |
         Sewer |   1057 |   1057 |      0 |      0 |    845 |   1 | 1057.0 |
               +--------+--------+--------+--------+--------+-----+--------+

Top non-repeatable levels by time:
     D:2: 1245 daAuts
   Sewer: 1057 daAuts
     D:1: 1050 daAuts
     D:4: 987 daAuts
     D:5: 797 daAuts
     D:3: 750 daAuts
